 Dungeon Crawl Stone Soup version 0.20.1-1-g8b1a95d (webtiles) character file.

1150 Mesmaeker13 the Ducker (level 8, -2/41 HPs)
             Began as a Deep Elf Wizard on Aug 13, 2017.
             Slain by an ice beast (10 damage)
             ... on level 5 of the Dungeon.
             The game lasted 00:14:25 (6913 turns).

Mesmaeker13 the Ducker (Deep Elf Wizard)            Turns: 6913, Time: 00:14:26

Health: -2/41      AC:  3    Str:  6    XL:     8   Next: 15%
Magic:  11/17      EV: 15    Int: 24    God:
Gold:   219        SH:  0    Dex: 13    Spells: 11/17 levels left

rFire    . . .     SeeInvis .   l - +2 dagger (drain)
rCold    . . .     Gourm    .   (no shield)
rNeg     . . .     Faith    .   a - +0 robe
rPois    .         Spirit   .   b - +0 hat
rElec    .         Reflect  .   (no cloak)
rCorr    .         Harm     .   (no gloves)
MR       .....                  u - +0 pair of boots
Stlth    ++........             (no amulet)
Regen    0.2/turn               (no ring)
MPRegen  0.2/turn               (no ring)

@: no status effects
A: no striking features
a: no special abilities


You were on level 5 of the Dungeon.
You were not hungry.

You visited 1 branch of the dungeon, and saw 5 of its levels.

You collected 219 gold pieces.

Inventory:

Hand Weapons
 l - a +2 dagger of draining (weapon)
Armour
 a - a +0 robe (worn)
 b - a +0 hat (worn)
 u - a +0 pair of boots (worn)
Wands
 r - a wand of digging (14/24)
Scrolls
 e - a scroll of recharging
 j - a scroll of amnesia
 m - a scroll of immolation
 n - 2 scrolls of teleportation
 p - a scroll of remove curse
Potions
 f - a potion of haste {unknown}
 g - 2 potions of magic
 h - a potion of might {unknown}
 o - a potion of heal wounds {unknown}
 q - a potion of lignification {unknown}
 s - 2 potions of degeneration {unknown}
Books
 c - a book of Minor Magic

   Spells                             Type                      Level
   a - Magic Dart                     Conjuration                  1
   b - Blink                          Translocation                2
   c - Call Imp                       Summoning                    2
   d - Slow                           Hexes                        2
   e - Conjure Flame                  Conjuration/Fire             3
   f - Mephitic Cloud                 Conjuration/Poison/Air       3
Comestibles
 d - 3 bread rations
 i - 2 royal jellies
 k - 7 fruits
 t - 3 meat rations


   Skills:
 + Level 6.2 Dodging
 - Level 2.4 Stealth
 - Level 5.0 Spellcasting
 + Level 5.4 Conjurations
 - Level 3.0 Summonings
   Level 1.1 Translocations
 + Level 4.0 Air Magic
 + Level 4.0 Poison Magic


You had 11 spell levels left.
You knew the following spells:

 Your Spells              Type           Power        Failure   Level  Hunger
a - Magic Dart            Conj           ####         1%          1    None
b - Call Imp              Summ           ###.....     3%          2    None
c - Mephitic Cloud        Conj/Pois/Air  ####....     4%          3    ##.....


Dungeon Overview and Level Annotations

Branches:
Dungeon (5/15)
 Temple: D:4-7

Altars:
Gozag
Kikubaaqudgha
Qazlal
Uskayaw
Vehumet

Annotations:
D:4 Fingolfin's ghost, novice FoFi


Message History

Your crimson imp blinks! x2
You swap places.
The ice beast hits your crimson imp.
The ice beast freezes your crimson imp!!
Your crimson imp is frozen!
Your crimson imp dies!
Your crimson imp blinks!
The ice beast misses you.
Casting: Call Imp
Confirm with . or Enter, or press ? or * to list all spells.
A beastly little devil appears in a puff of flame.
The ice beast hits you. The ice beast freezes you.
* * * LOW HITPOINT WARNING * * *
Your crimson imp blinks!
Casting: Call Imp
Confirm with . or Enter, or press ? or * to list all spells.
A beastly little devil appears in a puff of frigid air.
The ice beast hits you.
* * * LOW HITPOINT WARNING * * *
The ice beast freezes you!
You die...

#.# #.##.# #.# #######
#.##.# #.###.....#
#.##.#
#..##.###.###.##.####
##.##.#.............#
#####.##.#.#5..5.§..##.#
#...#.##.#.#####.#### .#
#...#.##.#.# #Y#### .#
....#.##.#.#####@...# .#
≈......#.#....5..##.# .#
.≈.......#.#####5# # .#
#§§....###.#####.# ##
#≈§.#..........#...
≈§.................
§§..#####..#########
^..## #..#########
^^.(#####..........#


You could see an ice beast, 2 friendly crimson imps and a friendly white imp.

Vanquished Creatures
  A two-headed ogre (D:5)
  2 ice beasts (D:5)
  A centaur (D:5)
  2 vampire bats (D:4)
  2 crimson imps (D:5)
  A jelly (D:3)
  3 orc wizards (D:3)
  Ijyb (D:3)
  2 worker ants
  A gnoll (D:3)
  4 adders
  An ooze (D:2)
  3 worms (D:2)
  5 dart slugs
  2 leopard geckos
  7 orcs
  2 ball pythons (D:5)
  3 bat skeletons (D:4)
  2 giant cockroaches
  4 goblins
  11 hobgoblins
  2 jackals (D:4)
  2 quokkas
  9 bats
  5 frilled lizards
  10 kobolds
  7 rats
95 creatures vanquished.

Vanquished Creatures (collateral kills)
  An ice beast (D:5)
  A worker ant zombie (D:5)
  3 gnolls
  An adder (D:2)
  3 worms (D:2)
  A bat skeleton (D:4)
  A bat zombie (D:4)
  2 giant cockroaches (D:3)
13 creatures vanquished.

Grand Total: 108 creatures vanquished

Notes
Turn   | Place    | Note
-------+----------+-------------------------------------------
     0 | D:1      | Mesmaeker13 the Deep Elf Wizard began the quest for the Orb.
     0 | D:1      | Reached XP level 1. HP: 10/10 MP: 7/7
   376 | D:1      | Reached XP level 2. HP: 13/15 MP: 1/9
   774 | D:1      | Learned a level 2 spell: Call Imp
  1187 | D:1      | Reached XP level 3. HP: 14/19 MP: 11/11
  1809 | D:2      | Reached skill level 5 in Spellcasting
  1835 | D:2      | Reached skill level 3 in Dodging
  2436 | D:2      | Reached XP level 4. HP: 24/24 MP: 1/13
  2970 | D:2      | Learned a level 3 spell: Mephitic Cloud
  3372 | D:2      | Reached skill level 1 in Air Magic
  3372 | D:2      | Reached XP level 5. HP: 23/28 MP: 2/14
  3602 | D:3      | Reached skill level 4 in Dodging
  3823 | D:3      | Noticed Ijyb
  3843 | D:3      | Killed Ijyb
  3843 | D:3      | Reached skill level 1 in Poison Magic
  3864 | D:3      | Found a hide-covered altar of Uskayaw.
  3907 | D:3      | Found a radiant altar of Vehumet.
  4415 | D:3      | Reached XP level 6. HP: 32/32 MP: 5/15
  4767 | D:4      | Noticed Fingolfin's ghost (novice FoFi)
  4895 | D:4      | Found an ancient bone altar of Kikubaaqudgha.
  5207 | D:5      | Entered Level 5 of the Dungeon
  5379 | D:5      | Noticed an ice beast
  5404 | D:5      | Killed an ice beast
  5404 | D:5      | Reached skill level 5 in Dodging
  5711 | D:5      | Reached XP level 7. HP: 36/36 MP: 14/16
  5747 | D:5      | Noticed a two-headed ogre
  5776 | D:5      | Killed a two-headed ogre
  5776 | D:5      | Reached skill level 5 in Conjurations
  6113 | D:5      | Reached skill level 6 in Dodging
  6373 | D:5      | Reached XP level 8. HP: 40/41 MP: 7/17
  6512 | D:5      | Found a stormy altar of Qazlal.
  6687 | D:5      | Found an opulent altar of Gozag.
  6913 | D:5      | Slain by an ice beast

Skill      XL: |  1  2  3  4  5  6  7  8 |
---------------+-------------------------+-----
Conjurations   | 2 3 4 5 |  5.4
Spellcasting   | 5 |  5.0
Dodging        | 3 4 5 6 |  6.2
Summonings     | 2 3 |  3.0
Air Magic      | 1 2 3 4 |  4.0
Poison Magic   | 1 2 3 4 |  4.0
Stealth        | |  2.4
Translocations | |  1.1

Action                   |  1- 3 |  4- 6 |  7- 9 || total
-------------------------+-------+-------+-------++-------
Melee: Dagger            |    37 |    87 |    17 ||   141
 Cast: Magic Dart        |    78 |   118 |    16 ||   212
       Call Imp          |    10 |    14 |    17 ||    41
       Mephitic Cloud    |       |     7 |     4 ||    11
  Use: Scroll            |     2 |     5 |       ||     7
       Potion            |       |     1 |       ||     1
 Stab: Sleeping          |       |     6 |       ||     6
       Confused          |       |     2 |     1 ||     3
  Eat: Chunk             |     4 |     8 |     2 ||    14
       Bread ration      |       |     1 |       ||     1
Armor: Robe              |     7 |    16 |     3 ||    26
Dodge: Dodged            |    39 |    84 |    13 ||   136
